[Event "Kragero Resort Title 2024"]
[Site "Kragero"]
[Date "2024.02.24"]
[Round "7.36"]
[White "Hjort, Jens L"]
[Black "Platonovs, Nikolajs"]
[Result "1-0"]
[ECO "D00"]
[WhiteElo "2111"]
[BlackElo "1995"]
[Annotator "RC"]
[PlyCount "61"]
[EventDate "2024.02.21"]
[EventType "swiss"]
[EventCountry "NOR"]
[SourceTitle "playchess.com"]
[Source "ChessBase"]
[SourceQuality "1"]
[TimeControl "5400+30"]

1. d4 d5 2. Nc3 Nf6 3. Bf4 e6 4. Nb5 Na6 5. e3 c6 6. Nc3 Qb6 7. a3 Be7 8. Be2 c5 9. dxc5 Nxc5 10. Nb5 O-O 11. Nf3 Bd7 12. Bc7 Qa6 13. Nfd4 b6 14. Bd6 Bxd6 15. Nxd6 b5 16. N6xb5 Qb6 17. b4 Nce4 18. f3 Bxb5 19. Nxb5 Qxe3 20. fxe4 Nxe4 21. Qd4 Qf4 22. g3 Qf5 23. Bd3 e5 24. Qe3 Qg4 25. Nc7 Nc3 26. Nxa8 d4 27. Qxe5 Qf3 28. Rf1 Qxa8 29. Qxd4 Qg2 30. Qxc3 Re8+ 31. Kd1 1-0

[Event "Kragero Resort Title 2024"]
[Site "Kragero"]
[Date "2024.02.24"]
[Round "7.37"]
[White "De Seroux, Camille"]
[Black "Vasilijevic, Vili"]
[Result "0-1"]
[ECO "B88"]
[WhiteElo "2085"]
[BlackElo "1881"]
[Annotator "NA RC"]
[PlyCount "64"]
[EventDate "2024.02.21"]
[EventType "swiss"]
[EventCountry "NOR"]
[SourceTitle "playchess.com"]
[Source "ChessBase"]
[SourceQuality "1"]
[TimeControl "5400+30"]

1. e4 c5 2. Nc3 a6 3. Nf3 d6 4. d4 cxd4 5. Nxd4 Nf6 6. Bc4 e6 7. a4 Be7 8. Qe2 Nc6 9. Be3 O-O 10. O-O Qc7 11. Rad1 Bd7 12. f4 Rac8 13. Ba2 Rfe8 14. f5 e5 15. Nf3 Nb4 16. Bb3 d5 17. Nxd5 Nbxd5 18. Bxd5 Nxd5 19. Rxd5 Bxa4 20. Nxe5 Bd6 21. Ng4 Bb5 22. Qd2 Be5 23. Rf2 Rcd8 24. h3 Rxd5 25. Qxd5 Bc6 26. Qc4 Qa5 27. b4 Qa1+ 28. Rf1 Qc3 29. Qd3 Qxb4 30. Nxe5 Rxe5 31. f6 Qxe4 32. Bf4 Qxg2# 0-1

[Event "Kragero Resort Title 2024"]
[Site "Kragero"]
[Date "2024.02.24"]
[Round "7.38"]
[White "Bazilius, Augustinas"]
[Black "Hammari, Vinjar"]
[Result "1-0"]
[ECO "D00"]
[WhiteElo "2030"]
[BlackElo "1875"]
[Annotator "NA RC"]
[PlyCount "87"]
[EventDate "2024.02.21"]
[EventType "swiss"]
[EventCountry "NOR"]
[SourceTitle "playchess.com"]
[Source "ChessBase"]
[SourceQuality "1"]
[TimeControl "5400+30"]

1. d4 d5 2. Nc3 Nf6 3. Bf4 a6 4. e3 c5 5. dxc5 Nc6 6. a3 e5 7. Bg5 d4 8. exd4 Nxd4 9. Ne4 Bf5 10. Bd3 Qd5 11. Ng3 Bxd3 12. Qxd3 e4 13. Qd2 Nxc2+ 14. Qxc2 Qxg5 15. Qa4+ b5 16. cxb6+ Qb5 17. Qxb5+ axb5 18. O-O-O Bc5 19. Nxe4 Nxe4 20. b7 Rb8 21. Re1 Bxf2 22. Rxe4+ Kd7 23. Nh3 Bc5 24. Ng5 f6 25. Rd1+ Kc6 26. Re6+ Kxb7 27. Rd7+ Kc8 28. Rxg7 Rb6 29. Rxb6 Bxb6 30. Nf7 Be3+ 31. Kc2 Rf8 32. Nd6+ Kd8 33. Rxh7 f5 34. Nxb5 f4 35. a4 Rg8 36. g3 f3 37. Rf7 f2 38. Kd3 Bb6 39. Nc3 Rh8 40. h4 Rg8 41. Ne4 Rg7 42. Rf6 Ke7 43. Ke2 Bd4 44. Rf3 1-0

[Event "Kragero Resort Title 2024"]
[Site "Kragero"]
[Date "2024.02.24"]
[Round "7.39"]
[White "Skramstad, Oda Kofoed"]
[Black "Berget, Eirik"]
[Result "1/2-1/2"]
[ECO "D55"]
[WhiteElo "1780"]
[BlackElo "1960"]
[Annotator "NA RC"]
[PlyCount "75"]
[EventDate "2024.02.21"]
[EventType "swiss"]
[EventCountry "NOR"]
[SourceTitle "playchess.com"]
[Source "ChessBase"]
[SourceQuality "1"]
[TimeControl "5400+30"]

1. d4 Nf6 2. c4 e6 3. Nc3 d5 4. Bg5 Be7 5. e3 O-O 6. Nf3 Nbd7 7. Bd3 b6 8. Rc1 Bb7 9. cxd5 exd5 10. O-O c5 11. Qa4 a6 12. Qc2 Ne4 13. Bxe7 Qxe7 14. Rfd1 Rad8 15. dxc5 Ndxc5 16. Nd4 f5 17. Nce2 Rc8 18. Qb1 Kh8 19. a3 Rce8 20. b4 Nxd3 21. Qxd3 Qd7 22. Rc2 Rc8 23. Rdc1 Rxc2 24. Rxc2 Rc8 25. Nf4 b5 26. Nfe6 Rc4 27. f3 Nd6 28. Nc5 Qe7 29. Nxb7 Qxb7 30. Nxf5 Qc7 31. Nd4 a5 32. Kf2 h6 33. Ke1 Qe7 34. Nc6 Qc7 35. Nd4 axb4 36. axb4 Qe7 37. Ke2 Qe5 38. h3 1/2-1/2

[Event "Kragero Resort Title 2024"]
[Site "Kragero"]
[Date "2024.02.24"]
[Round "7.40"]
[White "Aayush Bhattacherjee"]
[Black "Tollefsen, Jacob"]
[Result "1/2-1/2"]
[ECO "B13"]
[WhiteElo "2410"]
[BlackElo "1909"]
[Annotator "RC"]
[PlyCount "46"]
[EventDate "2024.02.21"]
[EventType "swiss"]
[EventCountry "NOR"]
[SourceTitle "playchess.com"]
[Source "ChessBase"]
[SourceQuality "1"]
[TimeControl "5400+30"]

1. Nf3 Nf6 2. d4 d5 3. e3 c5 4. Bd3 cxd4 5. exd4 Bg4 6. Nbd2 Nc6 7. c3 e6 8. h3 Bh5 9. O-O Bd6 10. Re1 O-O 11. Qb3 Qc7 12. a4 Rfe8 13. g4 Bg6 14. Bxg6 hxg6 15. Qc2 a6 16. Qd3 Rab8 17. b4 Rbd8 18. Nb3 e5 19. dxe5 Nxe5 20. Nxe5 Bxe5 21. Bd2 Ne4 22. Nd4 Bxd4 23. cxd4 Qd7 1/2-1/2

[Event "Kragero Resort Title 2024"]
[Site "Kragero"]
[Date "2024.02.24"]
[Round "7.41"]
[White "Elsness, Fredrik Valstad"]
[Black "Hoiberg, Nina"]
[Result "1-0"]
[ECO "C56"]
[WhiteElo "1783"]
[BlackElo "2133"]
[Annotator "RC"]
[PlyCount "101"]
[EventDate "2024.02.21"]
[EventType "swiss"]
[EventCountry "NOR"]
[SourceTitle "playchess.com"]
[Source "ChessBase"]
[SourceQuality "1"]
[TimeControl "5400+30"]

1. e4 e5 2. Nf3 Nc6 3. d4 exd4 4. Bc4 Nf6 5. e5 d5 6. Bb5 Ne4 7. Nxd4 Bd7 8. Bxc6 bxc6 9. O-O Bc5 10. f3 Ng5 11. f4 Ne4 12. Be3 Qe7 13. Nd2 Nxd2 14. Qxd2 O-O 15. Nb3 Bb6 16. Qf2 f6 17. Bc5 Qf7 18. exf6 Qxf6 19. c3 Bf5 20. a4 a5 21. Rad1 Be4 22. Bd4 Qg6 23. Rd2 Rae8 24. Nc5 Bf5 25. b4 Ra8 26. Ra1 Rfe8 27. Nb3 Reb8 28. Rb2 Bd7 29. bxa5 Bxd4 30. Nxd4 Qd3 31. Rxb8+ Rxb8 32. Qg3 Rb1+ 33. Rxb1 Qxb1+ 34. Kf2 Qa2+ 35. Kf1 Qxa4 36. Qg5 c5 37. Qxd5+ Kh8 38. Qxc5 Qd1+ 39. Kf2 h6 40. a6 Qd2+ 41. Ne2 Bg4 42. Qe3 Qd5 43. a7 Bd7 44. Qe5 Qb7 45. Qc5 Bc6 46. Qf8+ Kh7 47. Qb8 Bxg2 48. Qxb7 Bxb7 49. Nd4 c6 50. Ne6 Kg6 51. Nc7 1-0

[Event "Kragero Resort Title 2024"]
[Site "Kragero"]
[Date "2024.02.24"]
[Round "7.42"]
[White "Roubert, Emile"]
[Black "Pedersen, Max Moe"]
[Result "0-1"]
[ECO "B68"]
[WhiteElo "1989"]
[BlackElo "2027"]
[Annotator "NA RC"]
[PlyCount "90"]
[EventDate "2024.02.21"]
[EventType "swiss"]
[EventCountry "NOR"]
[SourceTitle "playchess.com"]
[Source "ChessBase"]
[SourceQuality "1"]
[TimeControl "5400+30"]

1. e4 c5 2. Nf3 d6 3. d4 cxd4 4. Nxd4 Nf6 5. Nc3 Nc6 6. Bg5 e6 7. Qd2 a6 8. O-O-O Bd7 9. f4 Be7 10. Kb1 b5 11. Nxc6 Bxc6 12. Bxf6 Bxf6 13. Qxd6 Qxd6 14. Rxd6 Rc8 15. e5 Be7 16. Rd2 g5 17. Bd3 gxf4 18. Rf2 f3 19. Be4 fxg2 20. Rxg2 b4 21. Bxc6+ Rxc6 22. Ne4 Rc4 23. Re1 Rd4 24. Kc1 Rd5 25. Nf2 Bh4 26. Re4 Bxf2 27. Rxf2 Rg8 28. c4 bxc3 29. bxc3 Ke7 30. Kc2 h5 31. c4 Rc5 32. Kc3 Rg1 33. Kb4 Rc7 34. Ref4 Kf8 35. Rf1 Rg2 36. R1f2 Rg1 37. Rf1 Rg5 38. Re1 Rg2 39. Rh4 Rxa2 40. Kb3 Rf2 41. Rxh5 Rf3+ 42. Kb4 a5+ 43. Kb5 Rb3+ 44. Ka4 Rb4+ 45. Kxa5 Rb2 0-1

[Event "Kragero Resort Title 2024"]
[Site "Kragero"]
[Date "2024.02.24"]
[Round "7.43"]
[White "Abramov, Artem"]
[Black "Solbu, Lasse Tveter"]
[Result "1/2-1/2"]
[ECO "C02"]
[WhiteElo "1931"]
[BlackElo "1896"]
[Annotator "NA RC"]
[PlyCount "99"]
[EventDate "2024.02.21"]
[EventType "swiss"]
[EventCountry "NOR"]
[SourceTitle "playchess.com"]
[Source "ChessBase"]
[SourceQuality "1"]
[TimeControl "5400+30"]

1. e4 e6 2. d4 d5 3. e5 c5 4. c3 Nc6 5. Nf3 Bd7 6. a3 f6 7. Bd3 Qc7 8. exf6 Nxf6 9. O-O Bd6 10. dxc5 Bxc5 11. c4 O-O 12. Nc3 h6 13. b4 Be7 14. Nb5 Qb8 15. Bb2 Ng4 16. h3 Nge5 17. Nxe5 Nxe5 18. cxd5 exd5 19. Bc2 Bc6 20. Nd4 Bf6 21. Nxc6 bxc6 22. Rb1 Nc4 23. Bxf6 Rxf6 24. Rb3 Qf4 25. Rf3 Qg5 26. Rxf6 Qxf6 27. Qd3 Re8 28. b5 cxb5 29. Qxd5+ Qe6 30. Qd3 a6 31. Bb3 Qe4 32. Qc3 Kh8 33. Bc2 Qe2 34. Bd3 Qb2 35. Re1 Rd8 36. Qxb2 Nxb2 37. Bf1 Nc4 38. a4 Nd2 39. axb5 Nxf1 40. Kxf1 axb5 41. Re5 Rd1+ 42. Ke2 Rb1 43. g3 g6 44. h4 Kg7 45. Kf3 Kf6 46. Rc5 h5 47. Rc6+ Kf5 48. Rc5+ Kf6 49. Rc6+ Kf5 50. Rc5+ 1/2-1/2

[Event "Kragero Resort Title 2024"]
[Site "Kragero"]
[Date "2024.02.24"]
[Round "8.25"]
[White "Lilliehook, Victor"]
[Black "Arsejnijs Savichevs"]
[Result "0-1"]
[ECO "B90"]
[WhiteElo "2042"]
[BlackElo "2259"]
[Annotator "RC"]
[PlyCount "78"]
[EventDate "2024.02.21"]
[EventType "swiss"]
[EventCountry "NOR"]
[SourceTitle "playchess.com"]
[Source "ChessBase"]
[SourceQuality "1"]
[TimeControl "5400+30"]

1. e4 c5 2. Nf3 d6 3. d4 cxd4 4. Nxd4 Nf6 5. Nc3 a6 6. f3 e5 7. Nb3 Be6 8. Be3 Be7 9. Qd2 h5 10. O-O-O Nbd7 11. Nd5 Nxd5 12. exd5 Bf5 13. Bd3 Bxd3 14. Qxd3 Bg5 15. Nd2 Bxe3 16. Qxe3 Qf6 17. Kb1 Qh6 18. Qa3 Rc8 19. Ne4 Nc5 20. Nxc5 Rxc5 21. Qa4+ Ke7 22. Rhe1 Rhc8 23. Re2 Kf8 24. a3 Qg6 25. Qb3 b5 26. Qd3 Qxd3 27. Rxd3 f5 28. b3 Kf7 29. Kc1 Kf6 30. Kd1 g5 31. Rdd2 Rc3 32. Ke1 a5 33. Kf2 a4 34. bxa4 bxa4 35. Re3 Rxc2 36. Ke2 R8c3 37. Rxc3 Rxc3 38. Ra2 e4 39. fxe4 fxe4 0-1

[Event "Kragero Resort Title 2024"]
[Site "Kragero"]
[Date "2024.02.24"]
[Round "8.26"]
[White "Amundsen, Ask"]
[Black "Moen, Ole Christian"]
[Result "1/2-1/2"]
[ECO "E60"]
[WhiteElo "2026"]
[BlackElo "2208"]
[Annotator "RC"]
[PlyCount "108"]
[EventDate "2024.02.21"]
[EventType "swiss"]
[EventCountry "NOR"]
[SourceTitle "playchess.com"]
[Source "ChessBase"]
[SourceQuality "1"]
[TimeControl "5400+30"]

1. Nf3 Nf6 2. g3 g6 3. b3 Bg7 4. Bb2 O-O 5. Bg2 c5 6. O-O Nc6 7. c4 d6 8. d4 Bf5 9. d5 Na5 10. Nfd2 Qd7 11. e4 Bh3 12. e5 dxe5 13. Bxe5 Bxg2 14. Kxg2 e6 15. Nc3 Ne8 16. Bxg7 Kxg7 17. Nde4 b6 18. Qf3 exd5 19. Nxd5 Nc6 20. Nef6 Qd6 21. Ne4 Qd7 22. Rad1 Qf5 23. Qe3 Nd4 24. b4 Qe5 25. f4 Qe6 26. bxc5 bxc5 27. Nxc5 Qxe3 28. Nxe3 Nf5 29. Nxf5+ gxf5 30. Rd7 Kg6 31. Rb1 Nf6 32. Rd6 Rfd8 33. Rbd1 Rxd6 34. Rxd6 Kg7 35. Nd3 Rc8 36. Ne5 Ng4 37. Rd7 Nxe5 38. fxe5 Kg6 39. Rd4 Rc5 40. Rd6+ Kg7 41. Rd7 Kg6 42. Rxa7 Rxc4 43. a4 Rc5 44. Ra6+ Kg5 45. Rf6 Rxe5 46. Rxf7 Ra5 47. Rxh7 Rxa4 48. Rb7 Ra3 49. Rb4 Ra2+ 50. Kh3 Rc2 51. Rb8 Ra2 52. Rg8+ Kh5 53. g4+ fxg4+ 54. Rxg4 Rxh2+ 1/2-1/2

[Event "Kragero Resort Title 2024"]
[Site "Kragero"]
[Date "2024.02.24"]
[Round "8.28"]
[White "Brodtkorb, Lars Johan"]
[Black "Fiskaaen, Martin Holten"]
[Result "0-1"]
[ECO "A13"]
[WhiteElo "2088"]
[BlackElo "2154"]
[Annotator "ChessBase"]
[PlyCount "130"]
[EventDate "2024.02.21"]
[EventType "swiss"]
[EventCountry "NOR"]
[SourceTitle "playchess.com"]
[Source "ChessBase"]
[SourceQuality "1"]
[TimeControl "5400+30"]

1. Nf3 Nf6 2. g3 b5 3. Bg2 Bb7 4. O-O e6 5. Na3 a6 6. b3 Be7 7. c4 b4 8. Nc2 O-O 9. a3 a5 10. axb4 axb4 11. Rxa8 Bxa8 12. Bb2 Na6 13. d3 Bb7 14. Qd2 c5 15. e4 d6 16. Qe2 Qb6 17. Ng5 h6 18. Nh3 Nb8 19. f4 Nc6 20. f5 e5 21. g4 Nh7 22. Rb1 Ra8 23. Kh1 Ra2 24. Qd1 Kf8 25. Ng1 Ke8 26. Nf3 Kd7 27. h4 Qd8 28. Qe1 Kc8 29. Bh3 Kb8 30. Kh2 Na5 31. Na1 Bc8 32. Kg3 Kb7 33. Qe3 Bd7 34. Bg2 Nc6 35. Nc2 Na5 36. Na1 Bc8 37. Bh3 Nf6 38. Qc1 Bd7 39. Qe1 Bc6 40. Kh2 Qh8 41. Ng1 Bd7 42. Ne2 Nc6 43. Nc2 Nh7 44. Ne3 Qd8 45. Ng2 Bf6 46. Nc1 Ra6 47. Ne2 Ra2 48. Nc1 Ra7 49. Ne2 Nd4 50. Nxd4 exd4 51. Ra1 Rxa1 52. Bxa1 Qa8 53. Qb1 Qa3 54. Kg3 Be5+ 55. Kf3 g6 56. Ke2 Nf6 57. Ne1 Bg3 58. Nf3 Bc6 59. Qb2 gxf5 60. gxf5 Nh5 61. Kd2 Qa8 62. Qb1 Nf4 63. Bf1 Qg8 64. Be2 Nxe2 65. Kxe2 Qg4 0-1

[Event "Kragero Resort Title 2024"]
[Site "Kragero"]
[Date "2024.02.24"]
[Round "8.29"]
[White "Hjort, Jens L"]
[Black "Hestholm, Gustav"]
[Result "1/2-1/2"]
[ECO "B13"]
[WhiteElo "2111"]
[BlackElo "1942"]
[Annotator "ChessBase"]
[PlyCount "90"]
[EventDate "2024.02.21"]
[EventType "swiss"]
[EventCountry "NOR"]
[SourceTitle "playchess.com"]
[Source "ChessBase"]
[SourceQuality "1"]
[TimeControl "5400+30"]

1. d4 Nf6 2. Nc3 d5 3. Bf4 c5 4. e3 cxd4 5. exd4 a6 6. h3 Nc6 7. g4 h6 8. Bg2 e6 9. Nf3 Be7 10. O-O h5 11. Ne5 hxg4 12. hxg4 Qb6 13. Nxc6 bxc6 14. Be5 Qxb2 15. Na4 Qb4 16. c4 O-O 17. Rb1 Qa5 18. Nb6 Ra7 19. g5 Nd7 20. Nxd7 Bxd7 21. Qh5 Qd2 22. f4 Qd3 23. Rb3 Qh7 24. Qg4 Qg6 25. Qh4 f6 26. Rh3 Bd8 27. Bd6 Re8 28. Bf3 fxg5 29. Qh8+ Kf7 30. Bh5 Rxh8 31. Bxg6+ Kxg6 32. Rxh8 Bf6 33. Be5 dxc4 34. fxg5 Bxe5 35. dxe5 c5 36. Rb8 Bc6 37. Rc8 Bd5 38. Rxc5 Rb7 39. Ra5 Rb2 40. Rf2 Rb1+ 41. Kh2 Kxg5 42. Ra3 Rh1+ 43. Kg3 Rg1+ 44. Kh2 Rh1+ 45. Kg3 Rg1+ 1/2-1/2

[Event "Kragero Resort Title 2024"]
[Site "Kragero"]
[Date "2024.02.24"]
[Round "8.30"]
[White "Vasilijevic, Vili"]
[Black "Ramirez Ruacho, Juan Manuel"]
[Result "1-0"]
[ECO "D32"]
[WhiteElo "1881"]
[BlackElo "2117"]
[Annotator "NA RC"]
[PlyCount "45"]
[EventDate "2024.02.21"]
[EventType "swiss"]
[EventCountry "NOR"]
[SourceTitle "playchess.com"]
[Source "ChessBase"]
[SourceQuality "1"]
[TimeControl "5400+30"]

1. d4 d5 2. c4 e6 3. Nc3 c5 4. cxd5 exd5 5. Nf3 Nc6 6. Bf4 Nf6 7. h3 Be6 8. e3 c4 9. Be2 Bd6 10. Bxd6 Qxd6 11. O-O O-O 12. Re1 a6 13. a4 Rab8 14. a5 Qb4 15. Qd2 b5 16. axb6 Qxb6 17. Ne5 Nb4 18. Ra4 Rfc8 19. Rea1 Ne8 20. Bg4 f6 21. Rxb4 Qxb4 22. Bxe6+ Kf8 23. Nd7+ 1-0

[Event "Kragero Resort Title 2024"]
[Site "Kragero"]
[Date "2024.02.24"]
[Round "8.31"]
[White "Ji, Jiahao Eric"]
[Black "Austad, Eirik Strom"]
[Result "1/2-1/2"]
[ECO "B15"]
[WhiteElo "1971"]
[BlackElo "2095"]
[Annotator "NA"]
[PlyCount "109"]
[EventDate "2024.02.21"]
[EventType "swiss"]
[EventCountry "NOR"]
[SourceTitle "playchess.com"]
[Source "ChessBase"]
[SourceQuality "1"]
[TimeControl "5400+30"]

1. e4 c6 2. d4 d5 3. Nc3 dxe4 4. Nxe4 Nf6 5. Nxf6+ exf6 6. Bc4 Bd6 7. Qe2+ Qe7 8. Qxe7+ Kxe7 9. Bd3 Nd7 10. Ne2 Kf8 11. Bf4 Be7 12. O-O-O Nb6 13. a3 h5 14. h4 Be6 15. Kb1 Rd8 16. f3 Nd5 17. Bd2 b5 18. Nc3 Nb6 19. Be4 Rc8 20. Ne2 f5 21. Bd3 g6 22. Nf4 Bd7 23. Bc3 Bf6 24. g3 Kg7 25. Rhe1 Rhe8 26. Bf1 Be6 27. Nxe6+ Rxe6 28. Rxe6 fxe6 29. f4 Nd5 30. Re1 Kf7 31. Bg2 Ne7 32. Rd1 Rd8 33. Rd3 a5 34. Bxa5 Rxd4 35. Bc3 Rxd3 36. cxd3 Bxc3 37. bxc3 Ke8 38. Kb2 Kd7 39. Kb3 Kc7 40. a4 bxa4+ 41. Kxa4 c5 42. Kb5 Kd6 43. c4 Ng8 44. Kb6 Nf6 45. Bc6 Ng4 46. d4 cxd4 47. c5+ Ke7 48. Bb5 Nh6 49. c6 Nf7 50. Kc5 Nd6 51. Bd3 Ne8 52. Kxd4 Kd6 53. Bb5 Nc7 54. Bc4 Ne8 55. Bb3 1/2-1/2

[Event "Kragero Resort Title 2024"]
[Site "Kragero"]
[Date "2024.02.24"]
[Round "8.32"]
[White "Vingris, Mikelis"]
[Black "Torosyan, Volodya"]
[Result "0-1"]
[ECO "B55"]
[WhiteElo "2256"]
[BlackElo "1889"]
[Annotator "RC"]
[PlyCount "116"]
[EventDate "2024.02.21"]
[EventType "swiss"]
[EventCountry "NOR"]
[SourceTitle "playchess.com"]
[Source "ChessBase"]
[SourceQuality "1"]
[TimeControl "5400+30"]

1. e4 c5 2. Nf3 d6 3. d4 cxd4 4. Nxd4 Nf6 5. Bd3 e5 6. Ne2 Be7 7. c4 Be6 8. Nbc3 Nbd7 9. O-O Rc8 10. b3 Nc5 11. f3 O-O 12. Be3 Nfd7 13. Bc2 g6 14. Qd2 f5 15. Nd5 Bxd5 16. Qxd5+ Kh8 17. Bh6 Nb6 18. Qd2 Rf7 19. b4 Ne6 20. Bb3 Rf6 21. Rac1 f4 22. h4 g5 23. Bxg5 Rg6 24. c5 Bxg5 25. cxb6 Qxb6+ 26. Kh1 Rxc1 27. Qxc1 Bd8 28. Qc8 Nf8 29. h5 Rg5 30. Bf7 Kg7 31. Be8 Kh6 32. Ng1 Rg7 33. Qf5 Be7 34. Nh3 Qxb4 35. Nf2 Qc4 36. Re1 Rg5 37. Ng4+ Kg7 38. h6+ Kg8 39. Nf6+ Bxf6 40. Qxf6 Rg3 41. Qxd6 Qd4 42. Qc7 Kh8 43. Qe7 Qb6 44. Qxf8+ Rg8 45. Qf7 Qxh6+ 46. Qh5 Qg7 47. Re2 Qe7 48. Ba4 Rg6 49. Rd2 Qf6 50. Qf5 Qh4+ 51. Qh3 Qe1+ 52. Kh2 Qxd2 53. Bb3 Qd8 54. Bd5 Kg7 55. Qf5 Rh6+ 56. Kg1 Qb6+ 57. Kf1 Rh1+ 58. Ke2 Qe3# 0-1

[Event "Kragero Resort Title 2024"]
[Site "Kragero"]
[Date "2024.02.24"]
[Round "8.33"]
[White "Westrum, Kim Roger Hansen"]
[Black "Elsness, Fredrik Valstad"]
[Result "1-0"]
[ECO "A36"]
[WhiteElo "2226"]
[BlackElo "1783"]
[Annotator "RC"]
[PlyCount "106"]
[EventDate "2024.02.21"]
[EventType "swiss"]
[EventCountry "NOR"]
[SourceTitle "playchess.com"]
[Source "ChessBase"]
[SourceQuality "1"]
[TimeControl "5400+30"]

1. c4 c5 2. Nc3 Nc6 3. g3 g6 4. Bg2 Bg7 5. d3 d6 6. e4 e6 7. Nge2 Nge7 8. O-O O-O 9. a3 b6 10. Rb1 Bb7 11. b4 Qd7 12. b5 Nd4 13. Nxd4 cxd4 14. Na2 d5 15. cxd5 exd5 16. e5 Bxe5 17. Re1 Bg7 18. a4 Rfe8 19. Qf3 Nf5 20. Bf4 Rxe1+ 21. Rxe1 Re8 22. Rc1 Rc8 23. Rxc8+ Qxc8 24. Nb4 Ne7 25. Qe2 Qc5 26. Nc2 Bf6 27. Bc1 Bc8 28. Ba3 Qc7 29. Bxe7 Bxe7 30. Nxd4 Qc1+ 31. Qf1 Qb2 32. Nc6 Bc5 33. d4 Bd6 34. Bxd5 Bb7 35. Qc4 Qb1+ 36. Kg2 Qf5 37. Bf3 Bxc6 38. bxc6 Qc8 39. Qd5 Qc7 40. Bg4 Kg7 41. Bd7 Kg8 42. Be8 Kg7 43. Bxf7 Qe7 44. Qe6 Qxe6 45. Bxe6 Kf6 46. Bc4 Bc7 47. Kf3 Bd6 48. Ke4 Bc7 49. h3 Bd6 50. f4 g5 51. fxg5+ Ke7 52. g4 Bg3 53. Bg8 Bh4 1-0

[Event "Kragero Resort Title 2024"]
[Site "Kragero"]
[Date "2024.02.24"]
[Round "8.34"]
[White "Tashkinova, Sofiia"]
[Black "Christensen, Jan Schleicher"]
[Result "1-0"]
[ECO "C48"]
[WhiteElo "2016"]
[BlackElo "2182"]
[Annotator "RC"]
[PlyCount "87"]
[EventDate "2024.02.21"]
[EventType "swiss"]
[EventCountry "NOR"]
[SourceTitle "playchess.com"]
[Source "ChessBase"]
[SourceQuality "1"]
[TimeControl "5400+30"]

1. e4 e5 2. Nf3 Nc6 3. Nc3 Nf6 4. Bb5 Nd4 5. Nxd4 exd4 6. e5 dxc3 7. exf6 Qxf6 8. dxc3 c6 9. Bd3 Be7 10. O-O O-O 11. Qh5 h6 12. c4 d6 13. Re1 Be6 14. Qe2 d5 15. cxd5 cxd5 16. Rb1 Bd6 17. b3 Rfe8 18. Bb2 Qh4 19. g3 Qh3 20. Qf3 Bb4 21. Re5 Rad8 22. a3 Ba5 23. b4 Bc7 24. Bf5 Bxf5 25. Rxf5 Re7 26. Rxd5 Rde8 27. Rdd1 Bb6 28. Rf1 Re2 29. c4 R8e3 30. Qxb7 Rb3 31. c5 Bxc5 32. Qa8+ Bf8 33. Bxg7 Rxf2 34. Qxf8+ Kh7 35. Qh8+ Kg6 36. Qxh6+ Qxh6 37. Bxh6 Rxf1+ 38. Rxf1 Kxh6 39. Rxf7 Rxa3 40. Kg2 Kg6 41. Rb7 Kg5 42. Rb5+ Kg6 43. h4 Rb3 44. Kh3 1-0

[Event "Kragero Resort Title 2024"]
[Site "Kragero"]
[Date "2024.02.24"]
[Round "8.35"]
[White "Skramstad, Oda Kofoed"]
[Black "Olde, Margareth"]
[Result "1/2-1/2"]
[ECO "D31"]
[WhiteElo "1780"]
[BlackElo "2179"]
[Annotator "RC"]
[PlyCount "105"]
[EventDate "2024.02.21"]
[EventType "swiss"]
[EventCountry "NOR"]
[SourceTitle "playchess.com"]
[Source "ChessBase"]
[SourceQuality "1"]
[TimeControl "5400+30"]

1. d4 d5 2. c4 e6 3. Nc3 a6 4. cxd5 exd5 5. Nf3 c6 6. Qc2 Nf6 7. Bf4 Bd6 8. Bxd6 Qxd6 9. e3 Bg4 10. Ne5 Bh5 11. Be2 Bxe2 12. Qxe2 O-O 13. O-O Re8 14. Nd3 Nbd7 15. b4 a5 16. b5 c5 17. Nxc5 Nxc5 18. dxc5 Qxc5 19. Qd3 Rad8 20. Rfd1 Re5 21. Rac1 Qd6 22. a4 h6 23. h3 Qe6 24. Ne2 Qe7 25. Nd4 g6 26. Qc2 Ne4 27. Qc7 Qxc7 28. Rxc7 Nd6 29. Nb3 b6 30. Rc6 Nc8 31. Rdc1 Ree8 32. Nd4 Kg7 33. Kf1 Kf8 34. Ke2 Kg7 35. Kd3 Kf8 36. g4 Kg7 37. h4 Nd6 38. Rxb6 Nc4 39. Rb7 Rc8 40. Ke2 Re4 41. Rg1 Nb2 42. b6 Nxa4 43. Ra1 Rc4 44. Kf3 Rb4 45. Rb8 Rxb6 46. Rxb6 Nxb6 47. Rxa5 Re5 48. Nc6 Re6 49. Nb4 Rd6 50. Ra6 Re6 51. Ra5 Rd6 52. Ra6 Re6 53. Ra5 1/2-1/2

[Event "Kragero Resort Title 2024"]
[Site "Kragero"]
[Date "2024.02.24"]
[Round "8.36"]
[White "Verbin, Valentina"]
[Black "Gasland, Lukas Dominik"]
[Result "1/2-1/2"]
[ECO "B86"]
[WhiteElo "2063"]
[BlackElo "1866"]
[Annotator "NA"]
[PlyCount "56"]
[EventDate "2024.02.21"]
[EventType "swiss"]
[EventCountry "NOR"]
[SourceTitle "playchess.com"]
[Source "ChessBase"]
[SourceQuality "1"]
[TimeControl "5400+30"]

1. e4 c5 2. Nf3 d6 3. d4 cxd4 4. Nxd4 Nf6 5. Nc3 a6 6. Bc4 e6 7. Bb3 Be7 8. O-O O-O 9. a4 Nc6 10. Nxc6 bxc6 11. a5 d5 12. Be3 Bb4 13. Bb6 Qe7 14. exd5 cxd5 15. Bd4 Bb7 16. Na4 e5 17. c3 exd4 18. cxb4 Qxb4 19. Nb6 Rad8 20. Ra4 Qb5 21. Ra3 d3 22. f3 Nd7 23. Nxd7 Rxd7 24. Qd2 Re7 25. Bd1 Qc5+ 26. Qf2 Qe3 27. Qxe3 Rxe3 28. Ba4 d4 1/2-1/2

[Event "Kragero Resort Title 2024"]
[Site "Kragero"]
[Date "2024.02.24"]
[Round "8.37"]
[White "Berget, Eirik"]
[Black "De Seroux, Camille"]
[Result "0-1"]
[ECO "B00"]
[WhiteElo "1960"]
[BlackElo "2085"]
[Annotator "NA RC"]
[PlyCount "94"]
[EventDate "2024.02.21"]
[EventType "swiss"]
[EventCountry "NOR"]
[SourceTitle "playchess.com"]
[Source "ChessBase"]
[SourceQuality "1"]
[TimeControl "5400+30"]

1. e4 Nc6 2. d4 d5 3. e5 Bf5 4. Nf3 e6 5. Be2 Qd7 6. O-O f6 7. exf6 gxf6 8. Bf4 Nge7 9. a3 Ng6 10. Bg3 O-O-O 11. b4 h5 12. h4 Bd6 13. b5 Nce7 14. c4 dxc4 15. Nbd2 Bxg3 16. fxg3 c3 17. Qa4 cxd2 18. Qxa7 Qd5 19. Rad1 b6 20. Rxd2 Qb7 21. Qa4 Be4 22. Rc1 Nf5 23. Kh2 Nge7 24. d5 Bxd5 25. Rdc2 Rd7 26. Rc3 Kb8 27. Ne1 Qa7 28. Qf4 Ba8 29. Rc4 e5 30. Qf2 Rg8 31. R1c3 Nd4 32. Bd1 Nd5 33. Rc1 Rdg7 34. g4 hxg4 35. g3 Qb7 36. Bc2 Ne3 37. Rc6 Nxc6 38. Be4 Qa7 39. bxc6 f5 40. Qxe3 fxe4 41. Qxe4 Qxa3 42. Rc2 Rd8 43. Qc4 Qd6 44. Qa4 Rg6 45. Ra2 Bxc6 46. Qa7+ Kc8 47. Qa6+ Bb7 0-1

[Event "Kragero Resort Title 2024"]
[Site "Kragero"]
[Date "2024.02.24"]
[Round "8.38"]
[White "Pedersen, Max Moe"]
[Black "Valvag, Torbjorn"]
[Result "1-0"]
[ECO "D45"]
[WhiteElo "2027"]
[BlackElo "1951"]
[Annotator "NA RC"]
[PlyCount "113"]
[EventDate "2024.02.21"]
[EventType "swiss"]
[EventCountry "NOR"]
[SourceTitle "playchess.com"]
[Source "ChessBase"]
[SourceQuality "1"]
[TimeControl "5400+30"]

1. d4 d5 2. c4 c6 3. Nc3 Nf6 4. e3 e6 5. Nf3 Nbd7 6. Qc2 Bd6 7. b3 O-O 8. Be2 b6 9. O-O Bb7 10. Bb2 Re8 11. Rad1 Qc7 12. Rfe1 dxc4 13. bxc4 e5 14. h3 Rad8 15. Na4 exd4 16. exd4 Nf8 17. c5 Be7 18. Qb3 Nd5 19. Bc4 b5 20. Bxd5 Rxd5 21. Nc3 Rdd8 22. Ne4 Ne6 23. Ne5 Bf8 24. Qg3 Re7 25. f4 f5 26. Nd6 Rxd6 27. cxd6 Qxd6 28. Qb3 Qd5 29. Qxd5 cxd5 30. Ba3 Rc7 31. Bxf8 Kxf8 32. Rc1 Rxc1 33. Rxc1 Ke7 34. g3 Kd6 35. Nf3 b4 36. Kf2 a5 37. Ke3 Bc6 38. Ne5 Ba4 39. Rb1 Nc7 40. Nd3 Nb5 41. Nc5 Na3 42. Rc1 Bc6 43. g4 Nc4+ 44. Kf2 g6 45. Re1 Nd2 46. Re6+ Kc7 47. Re7+ Kb6 48. gxf5 gxf5 49. Rxh7 Ne4+ 50. Nxe4 dxe4 51. Rg7 Bd5 52. h4 Bxa2 53. h5 b3 54. h6 b2 55. Rg1 b1=Q 56. Rxb1+ Bxb1 57. h7 1-0